 Dungeon Crawl Stone Soup version 0.26-a0-26-ge22fd8933b (webtiles) character file.

Game seed: 6539007696268644985, levelgen mode: deterministic

6773 Sabsity the Covert (level 10, -12/42 HPs)
             Began as a Felid Conjurer on May 25, 2020.
             Was a Plaything of Xom.
             Shot with an arrow by Nessos (29 damage)
             ... on level 4 of the Lair of Beasts on May 27, 2020.
             The game lasted 01:38:39 (18703 turns).

Sabsity the Covert (Felid Conjurer)                Turns: 18703, Time: 01:38:41

Health: -12/42     AC:  8    Str:  2    XL:     10   Next: 76%
Magic:  0/23       EV: 27    Int: 21    God:    Xom [...*..]
Gold:   583        SH:  0    Dex: 19    Spells: 12/26 levels left
                                        Lives:  0   Deaths: 3

rFire    . . .     SeeInvis +     - Unarmed
rCold    + . .     Gourm    .   (shield unavailable)
rNeg     . . .     Faith    .   (armour unavailable)
rPois    .         Spirit   +   (helmet unavailable)
rElec    +         Reflect  .   (cloak unavailable)
rCorr    .         Harm     .   (gloves unavailable)
MR       ++...     Rnd*Rage +   (boots unavailable)
Stlth    +++++++...             i - amulet "Ilipn" {Spirit MR+ Int+5}
HPRegen  0.14/turn              a - ring of stealth
MPRegen  0.18/turn              c - ring of protection from cold

@: about to teleport, quick
A: very small, no armour, no weapons or thrown items, stealth, claws 1, fangs 3,
slimy green scales 1, thin metallic scales 1, yellow scales 1, see invisible,
berserk 1, carnivore, clumsy 1, speed 1, shaggy fur 2, electricity resistance,
slow metabolism 1, weak 1, sharp paws
a: Renounce Religion


You were on level 4 of the Lair of Beasts.
You worshipped Xom.
You were a favourite toy of Xom.
You were completely stuffed.

You visited 3 branches of the dungeon, and saw 14 of its levels.
You also visited: Bailey.

You collected 1002 gold pieces.
You spent 419 gold pieces at shops.

Inventory:

Jewellery
 a - a ring of stealth (left paw)
 c - a ring of protection from cold (right paw)
 i - the amulet "Ilipn" (around neck) {Spirit MR+ Int+5}
   (Xom gifted it to you on level 2 of the Lair of Beasts)

   [amulet of guardian spirit]

   It causes incoming damage to be split between your health and magic.
   It affects your intelligence (+5).
   It affects your resistance to hostile enchantments.
Wands
 e - a wand of random effects (8)
 f - a wand of flame (7)
 h - a wand of acid (9)
 u - a wand of digging (7)
Scrolls
 d - 2 scrolls of magic mapping
 k - 4 scrolls of remove curse
 m - 3 scrolls of amnesia
 n - 2 scrolls of enchant armour
 r - a scroll of teleportation
 s - a scroll of noise {unknown}
 t - a scroll of enchant weapon {unknown}
Potions
 g - 2 potions of curing
 j - a potion of berserk rage
 l - a potion of experience {unknown}
 p - a potion of invisibility
Comestibles
 b - 31 rations


   Skills:
 + Level 3.4 Fighting
 + Level 10.1 Dodging
 + Level 13.4 Stealth
 + Level 8.4 Unarmed Combat
 + Level 8.7 Spellcasting
 + Level 8.0 Conjurations
 + Level 1.7 Hexes
 + Level 6.6 Evocations


You had 12 spell levels left.
You knew the following spells:

 Your Spells              Type           Power        Failure   Level  Hunger
a - Magic Dart            Conj           ####         1%          1    None
b - Searing Ray           Conj           #####.       1%          2    None
c - Dazzling Flash        Conj/Hex       ####..       3%          3    None
d - Fulminant Prism       Conj/Hex       ####......   10%         4    ###....
e - Iskenderun's Mystic   Conj/Tloc      ####....     14%         4    ###....

Your spell library contained the following spells:

 Spells                   Type           Power        Failure   Level  Hunger


Dungeon Overview and Level Annotations

Branches:
Dungeon (9/15)             Temple (1/1) D:5            Lair (4/6) D:9
  Snake (0/4) Lair:2          Orc (0/2) D:9          Bailey (visited)
  Swamp: Lair:2-4    Shoals: Lair:2-4

Altars:
Ashenzari
Cheibriados
Dithmenos
Elyvilon
Fedhas
Gozag
Hepliaklqana
Kikubaaqudgha
Makhleb
Nemelex Xobeh
Okawaru
Qazlal
Ru
Sif Muna
Trog
Uskayaw
Vehumet
Wu Jian
Xom
Yredelemnul
Zin
The Shining One

Shops:
D:5 *   D:6 !?}(!   D:8 }

Annotations:
D:2 1 runed translucent door, exclusion: door, Crazy Yiuf
Lair:1 exclusion: sensed monster (detected)
Lair:3 exclusions: hydra and oklob plant
Lair:4 Nessos


Innate Abilities, Weirdness & Mutations

You cannot wear armour.
You are incapable of wielding weapons or throwing items.
Your paws allow you to move quietly. (Stealth)
You have sharp claws.
You have razor-sharp teeth.
You have supernaturally acute eyesight. (SInv)
You are carnivorous and can eat meat at any time.
You cover ground quickly.
You are covered in thick fur. (AC +2)
You have a slow metabolism.
Your sharp claws are effective at attacking unaware monsters.
You are partially covered in slimy green scales. (AC +2)
You are partially covered in thin metallic scales. (AC +2)
You are partially covered in yellow scales. (AC +2)
You tend to lose your temper in combat.
You are clumsy. (Dex -2)
You are resistant to electric shocks. (rElec)
You are weak. (Str -2)


Message History

Nessos wields a +3 longbow of flaming.
It bursts into flame!
Nessos shoots an arrow.
The arrow hits you!! The arrow burns you! The water moccasin barely misses you.
As you read the scroll of teleportation, it crumbles to dust.
You feel strangely unstable.
Nessos blinks!
The water moccasin closely misses you.
Nessos shoots an arrow.
The arrow closely misses you.
The water moccasin completely misses you.
Casting: Searing Ray (safe; 1% risk of failure)
Confirm with . or Enter, or press ? or * to list all spells.
Aiming: Searing Ray (safe; 1% risk of failure)
Press: ? - help, Shift-Dir - straight line, f/p - water moccasin
Aim: a water moccasin (blue smoke, moderately wounded)
The searing ray hits the water moccasin!
The water moccasin is severely wounded. (Press . to maintain the ray.) Nessos shoots an arrow.
The arrow hits you!!!
Ouch! That really hurt!
You die...
Xom roars with laughter!

...# #.......b...♣ ♣♣...
...###...P......#♣ ♣....
....###....P.....♣ ♣♣... ....#
#.........## ♣.... ...##
#...#......♣ ♣.... ...#
##.P#.....## ♣♣.... ...#
#...)..§§♣ ♣..... ...#
#####..§§#♣ ♣♣..... ...##
##..c§@♣ ♣♣♣...... ....#
##...§S##♣# ♣♣..._....
....######.#..§§##P#####P§.......
................§....§...........
......[.................._.....Y.
.................................
......................c..........
.##..##############.#######(##...
###.## ### #######


You could see Nessos (fast) and a water moccasin.

Vanquished Creatures
  Harold (D:9)
  Erica (Lair:1)
  2 two-headed ogres (D:9)
  3 black mambas
  Joseph (Lair:1)
  A rime drake (Lair:1)
  2 komodo dragons
  3 hippogriffs
  3 blink frogs (Lair:3)
  Sigmund (D:5)
  19 yaks
  4 hogs (D:9)
  Grum (D:9)
  A human (D:9)
  A hungry ghost (D:7)
  3 basilisks
  A naga (Lair:4)
  A swamp worm (Lair:4)
  3 water moccasins
  7 porcupines
  6 orc warriors
  A sky beast (D:5)
  An ice beast (D:5)
  3 ogres
  12 wolves
  2 phantoms
  7 centaurs
  5 crocodiles
  A big kobold (D:9)
  4 bullfrogs
  A scorpion (D:7)
  21 killer bees
  5 wights (D:9)
  An electric eel (Lair:3)
  2 howler monkeys
  5 crimson imps
  2 bullfrog zombies
  2 centaur zombies
  2 orc priests
  A gnoll shaman (D:8)
  2 bullfrog skeletons
  4 hounds
  3 jellies
  10 orc wizards
  2 centaur skeletons
  Jessica (D:2)
  An iguana (D:6)
  7 worker ants
  A hound skeleton (D:4)
  2 worker ant zombies
  Robin (D:2)
  7 gnolls
  A howler monkey skeleton (D:7)
  8 adders
  3 shadow imps
  2 worms
  4 dart slugs
  9 leopard geckos
  44 orcs
  5 bats
  4 bat zombies (D:7)
  3 giant cockroaches
  19 goblins
  8 hobgoblins (D:1)
  3 jackals (D:4)
  13 kobolds
  3 quokkas
  A ball python (D:5)
  5 frilled lizards
  2 leopard gecko skeletons (D:8)
  A quokka skeleton (D:4)
  A quokka zombie (D:6)
  9 rats
332 creatures vanquished.

Vanquished Creatures (collateral kills)
  A spiny frog (Lair:2)
  A yak (Lair:2)
  A wyvern (Lair:2)
  4 nagas (Lair:2)
  A water moccasin (Lair:2)
  A crocodile (Lair:2)
9 creatures vanquished.

Vanquished Creatures (others)
  8 fulminant prisms (Lair:4)
  A plant (Lair:4)
9 creatures vanquished.

Grand Total: 350 creatures vanquished

Notes
Turn   | Place    | Note
-------+----------+-------------------------------------------
     0 | D:1      | Sabsity the Felid Conjurer began the quest for the Orb.
     0 | D:1      | Reached XP level 1. HP: 7/7 MP: 4/4
   593 | D:1      | Reached XP level 2. HP: 11/11 MP: 3/6
  1357 | D:1      | Reached skill level 3 in Stealth
  1357 | D:1      | Reached XP level 3. HP: 14/14 MP: 7/7
  1632 | D:2      | Noticed Jessica
  1636 | D:2      | Killed Jessica
  1636 | D:2      | Reached XP level 4. HP: 18/18 MP: 8/8
  1672 | D:2      | Found a runed translucent door.
  1673 | D:2      | Noticed Crazy Yiuf
  1854 | D:2      | Reached skill level 1 in Unarmed Combat
  1906 | D:2      | Noticed Robin
  2239 | D:2      | Killed Robin
  2379 | D:2      | Found an ornate altar of the Wu Jian Council.
  2554 | D:3      | Reached skill level 4 in Stealth
  2761 | D:3      | Reached XP level 5. HP: 21/21 MP: 9/9
  3457 | D:3      | Found an iron altar of Okawaru.
  3464 | D:3      | Found a snail-covered altar of Cheibriados.
  3464 | D:3      | Found a hide-covered altar of Uskayaw.
  3465 | D:3      | Found a stormy altar of Qazlal.
  4035 | D:4      | Noticed an ogre
  4267 | D:4      | Reached skill level 5 in Stealth
  4943 | D:4      | Gained mutation: You are covered in thick fur. (AC +2)
                  | [Felid growth]
  4943 | D:4      | Reached XP level 6. HP: 24/24 MP: 11/11
  6095 | D:5      | Entered Level 5 of the Dungeon
  6095 | D:5      | Noticed an ice beast
  6360 | D:5      | Found Dair Cycomp's Assorted Antiques.
  6361 | D:5      | Noticed a sky beast
  6577 | D:6      | Reached XP level 7. HP: 16/28 MP: 6/12
  6619 | D:6      | Found Simikiel's Antique Weapon Boutique.
  6632 | D:6      | Reached skill level 6 in Stealth
  6632 | D:6      | Reached skill level 5 in Conjurations
  6733 | D:6      | Learned a level 2 spell: Searing Ray
  6737 | D:6      | Learned a level 3 spell: Dazzling Flash
  7005 | D:6      | Reached skill level 1 in Evocations
  7020 | D:6      | Reached XP level 8. HP: 31/31 MP: 2/15
  7132 | D:6      | Found Motweguk's Magic Scroll Emporium.
  7135 | D:6      | Found Zatic's Gadget Boutique.
  7141 | D:6      | Bought a scroll of enchant armour for 105 gold pieces
  7141 | D:6      | Bought a scroll of immolation for 49 gold pieces
  7141 | D:6      | Bought a scroll of amnesia for 49 gold pieces
  7141 | D:6      | Found Uhov's Distillery.
  7146 | D:6      | Bought a scroll of teleportation for 42 gold pieces
  7146 | D:6      | Bought a scroll of identify for 28 gold pieces
  7254 | D:6      | Reached skill level 5 in Dodging
  7254 | D:6      | Reached skill level 7 in Stealth
  7326 | D:6      | Found Faarustru's Distillery.
  7332 | D:6      | Bought a potion of heal wounds for 50 gold pieces
  7633 | D:7      | Reached skill level 1 in Fighting
  7889 | D:7      | Reached skill level 8 in Stealth
  7998 | D:7      | Reached skill level 5 in Unarmed Combat
  8235 | D:7      | Reached XP level 9. HP: 35/35 MP: 17/17
  8561 | D:8      | Reached skill level 9 in Stealth
  8709 | D:8      | Reached skill level 5 in Spellcasting
  8857 | D:8      | Gained mutation: You are frail. (-10% HP) [potion of
                  | mutation]
  8857 | D:8      | Gained mutation: You are partially covered in yellow
                  | scales. (AC +2) [potion of mutation]
  8861 | D:8      | HP: 1/31 [centaur/arrow (1)]
  9741 | D:8      | Reached skill level 1 in Hexes
 10104 | D:8      | Found Laduim's Gadget Shop.
 10290 | D:7      | Noticed a cyclops
 10290 | D:7      | Noticed a cyan ugly thing
 10290 | D:7      | Noticed a freezing wraith
 10387 | D:5      | Noticed Sigmund
 10404 | D:5      | Killed Sigmund
 10460 | D:5      | Reached skill level 10 in Stealth
 10723 | D:5      | Found a staircase to the Ecumenical Temple.
 10754 | Temple   | Entered the Ecumenical Temple
 10984 | Temple   | Became a worshipper of Xom the Psychotic
 11083 | D:5      | XOM: silly message
 11154 | D:5      | Found a shattered altar of Ashenzari.
 11280 | D:5      | XOM: scenery: create altars
 11286 | D:5      | Found a blossoming altar of Fedhas.
 11362 | D:5      | Bought a tapered ivory wand for 96 gold pieces
 11614 | D:7      | Found an ancient bone altar of Kikubaaqudgha.
 11650 | D:7      | XOM: stat loss: -1 Str (3/4)
 11653 | D:7      | Reached XP level 10. HP: 35/35 MP: 15/20
 12155 | D:8      | XOM: cloud trail
 12280 | D:9      | Found a staircase to the Orcish Mines.
 12296 | D:9      | XOM: butterfly on damage
 12485 | D:9      | Found a staircase to the Lair.
 12485 | D:9      | XOM: 4-stop teleportation journey
 12486 | D:9      | Noticed Grum
 12505 | D:9      | Killed Grum
 12613 | D:9      | Reached skill level 5 in Evocations
 12667 | D:9      | Found a sparkling altar of Nemelex Xobeh.
 12670 | D:9      | XOM: silly message
 12706 | D:9      | Found a flagged portal.
 12712 | Bailey   | Entered a bailey
 12712 | Bailey   | Noticed an orc knight
 12712 | Bailey   | Noticed an orc knight
 12712 | Bailey   | Noticed an orc knight
 12717 | Bailey   | XOM: divination: magic mapping
 12958 | D:9      | Slain by a yak
 12959 | D:9      | Reached XP level 9. HP: -5/32 MP: 2/19
 12959 | D:9      | Upgraded the game from 0.26-a0-18-g135ff06667 to
                  | 0.26-a0-21-gf97e55dc39
 13039 | D:9      | XOM: 3-stop teleportation journey
 13117 | D:9      | XOM: noise
 13325 | D:9      | XOM: 5-stop teleportation journey
 13388 | D:9      | XOM: butterfly on damage
 13396 | D:9      | Reached skill level 11 in Stealth
 13396 | D:9      | Reached XP level 10. HP: 25/36 MP: 9/21
 13397 | D:9      | Noticed a two-headed ogre
 13426 | D:9      | Killed a two-headed ogre
 13530 | D:9      | XOM: silly message
 13650 | D:9      | Found a shattered altar of Ashenzari.
 13806 | D:9      | Noticed a two-headed ogre
 13855 | D:9      | Killed a two-headed ogre
 13993 | D:9      | Noticed Harold
 13999 | D:9      | Killed Harold
 14302 | Lair:1   | Entered Level 1 of the Lair of Beasts
 14457 | Lair:1   | Noticed a black mamba
 14458 | Lair:1   | Noticed Erica
 14512 | Lair:1   | XOM: enchant monster (good)
 14527 | Lair:1   | Killed Erica
 14740 | Lair:1   | XOM: potion effect (haste)
 14744 | Lair:1   | XOM: potion effect (invisibility)
 14751 | Lair:1   | Reached XP level 11. HP: 39/39 MP: 24/24
 14766 | Lair:1   | XOM: potion effect (might)
 14767 | Lair:1   | XOM: summons friendly ufetubus
 14799 | Lair:1   | XOM: confuse monster(s)
 14814 | Lair:1   | Upgraded the game from 0.26-a0-21-gf97e55dc39 to
                  | 0.26-a0-26-ge22fd8933b
 15027 | Lair:1   | XOM: potion effect (berserk rage)
 15031 | Lair:1   | XOM: summons friendly ufetubus
 15106 | Lair:1   | XOM: divination: detect creatures
 15328 | Lair:1   | XOM: 4-stop teleportation journey
 15329 | Lair:1   | XOM: divination: detect creatures
 15382 | Lair:1   | XOM: silly message
 15556 | Lair:1   | Noticed Joseph
 15560 | Lair:1   | Killed Joseph
 15902 | Lair:2   | Found a staircase to the Snake Pit.
 15915 | Lair:2   | XOM: cast spell 'Summon Dragon'
 15967 | Lair:2   | XOM: give mutations
 15967 | Lair:2   | Gained mutation: You tend to lose your temper in combat.
                  | [Xom's mischief]
 15967 | Lair:2   | Gained mutation: You are clumsy. (Dex -2) [Xom's mischief]
 15967 | Lair:2   | Gained mutation: You are resistant to electric shocks.
                  | (rElec) [Xom's mischief]
 16072 | Lair:2   | Reached skill level 12 in Stealth
 16126 | Lair:2   | Found a stormy altar of Qazlal.
 16181 | Lair:2   | You fall into a shaft and drop 2 floors!
 16255 | Lair:4   | Noticed Nessos
 16258 | Lair:4   | XOM: confusion
 16259 | Lair:4   | XOM: summons 2 friendly demons
 16270 | Lair:4   | XOM: scenery: create altars
 16271 | Lair:4   | XOM: potion effect (stabbing)
 16274 | Lair:4   | XOM: enchant monster (good)
 16372 | Lair:3   | Slain by a komodo dragon
 16373 | Lair:3   | Reached XP level 10. HP: -3/36 MP: 23/23
 16382 | Lair:3   | XOM: silly message
 16456 | Lair:3   | XOM: enchant monster (good)
 16472 | Lair:3   | Noticed a seven-headed hydra
 16565 | Lair:3   | Noticed an oklob plant
 16645 | Lair:3   | XOM: cast spell 'Summon Hydra'
 16657 | Lair:3   | XOM: god gift: 52 gold pieces
 16658 | Lair:3   | Reached skill level 10 in Dodging
 16658 | Lair:3   | Mangled by a blink frog
 16659 | Lair:3   | Reached XP level 9. HP: -7/33 MP: 15/22
 16667 | Lair:3   | XOM: snakes to sticks
 16822 | Lair:3   | XOM: cloud trail
 16924 | Lair:3   | XOM: divination: detect creatures
 16957 | Lair:3   | XOM: scenery: create altars
 16989 | Lair:3   | Killed a komodo dragon
 16989 | Lair:3   | Reached XP level 10. HP: 36/36 MP: 17/23
 17357 | Lair:3   | XOM: divination: magic mapping
 17516 | Lair:2   | XOM: scenery: create altars
 17609 | Lair:2   | XOM: god gift: vibrating ruby amulet {god gift}
 17610 | Lair:2   | Got a vibrating ruby amulet {god gift}
 17611 | Lair:2   | Identified the amulet "Ilipn" {Spirit MR+ Int+5} (Xom
                  | gifted it to you on level 2 of the Lair of Beasts)
 17767 | Lair:2   | XOM: fog
 17778 | Lair:2   | XOM: summons 9 friendly demons
 17780 | Lair:2   | Reached skill level 13 in Stealth
 17803 | Lair:2   | XOM: give mutations
 17803 | Lair:2   | Gained mutation: You are partially covered in slimy green
                  | scales. (AC +2) [Xom's mischief]
 17803 | Lair:2   | Gained mutation: You are weak. (Str -2) [Xom's mischief]
 17803 | Lair:2   | Gained mutation: You are dopey. (Int -2) [Xom's mischief]
 18018 | Lair:2   | XOM: give mutations
 18018 | Lair:2   | Lost mutation: You are dopey. (Int -2) [Xom's mischief]
 18018 | Lair:2   | Gained mutation: You are partially covered in thin metallic
                  | scales. (AC +2) [Xom's mischief]
 18018 | Lair:2   | Lost mutation: You are frail. (-10% HP) [Xom's mischief]
 18026 | Lair:2   | XOM: cloud trail
 18084 | Lair:2   | XOM: god gift: 48 gold pieces
 18138 | Lair:4   | XOM: silly message
 18162 | Lair:4   | Noticed a black mamba
 18168 | Lair:4   | Killed a black mamba
 18253 | Lair:4   | Noticed a black mamba
 18258 | Lair:4   | Killed a black mamba
 18264 | Lair:4   | Learned a level 4 spell: Fulminant Prism
 18269 | Lair:4   | Learned a level 4 spell: Iskenderun's Mystic Blast
 18352 | Lair:4   | XOM: summons friendly quasit
 18356 | Lair:4   | XOM: potion effect (stabbing)
 18363 | Lair:4   | XOM: summons friendly shadow imp
 18379 | Lair:4   | XOM: summons 6 hostile demons
 18382 | Lair:4   | XOM: chaos cloud
 18432 | Lair:4   | XOM: enchant monster (good)
 18689 | Lair:4   | XOM: scenery: create altars
 18703 | Lair:4   | Shot with an arrow by Nessos

Illustrated notes

Levels and vault maps discovered:
D:1:      co_arrival_random_square_maze, layout_basic, minmay_heptomino_d4
D:2:      layout_basic, marbit_many_paths, uniq_robin, uniq_crazy_yiuf_cottage,
          uniq_jessica
D:3:      layout_basic, minitemple
D:4:      layout_basic, bh_chokoban
D:5:      layout_rooms, nicolae_overflow_crystal_walls, kennysheep_little_box,
          temple_pool_b, serial_shops, shop, first_ration, uniq_sigmund
D:6:      layout_rooms, serial_shops, nicolae_shop_behind_doors, shop,
          nicolae_shop_trees, shop_statue, nicolae_shop_crystal
D:7:      minmay_klotski, layout_basic, lemuel_zombie_altar_kikubaaqudgha,
          eino_jars
D:8:      layout_loops_ring, serial_shops, shop
D:9:      layout_loops_corners, nemelex_xobeh_ov_fountains_minmay,
          lair_entry_dummy, orc_david_3, enter_bailey_1, grunt_livestock,
          cheibrodos_ashenzari_chains, uniq_grum, uniq_harold
Temple:   nicolae_temple_figure_eight
Lair:1:   layout_hall_layers, uniq_joseph, uniq_erica
Lair:2:   layout_cave_pods, minmay_snake_entry_guardpost_small, basic_altar
Lair:3:   layout_regular_city, minmay_lair_oklob_chamber,
          infiniplex_staircase_pool
Lair:4:   layout_long_grid, palyth_hydra_swamp_entry,
          infiniplex_staircase_pool_2, lemuel_fruit_fields, uniq_nessos

Skill      XL: |  1  2  3  4  5  6  7  8  9 10 11 |
---------------+----------------------------------+-----
Conjurations   | 4 5 6 8 |  8.0
Stealth        | 3 4 5 6 8 11 13 12 | 13.4
Unarmed Combat | 2 3 4 5 8 7 |  8.4
Dodging        | 3 4 6 9 10 | 10.1
Spellcasting   | 3 4 6 8 |  8.7
Evocations     | 1 3 4 6 |  6.6
Fighting       | 1 3 |  3.4
Hexes          | 1 |  1.7

Action                   |  1- 3 |  4- 6 |  7- 9 | 10-12 || total
-------------------------+-------+-------+-------+-------++-------
Melee: Unarmed           |    35 |   110 |    73 |   117 ||   335
       Bite              |     4 |     5 |     8 |     6 ||    23
       Punch             |       |     1 |     1 |     2 ||     4
 Cast: Magic Dart        |    39 |   147 |    52 |    26 ||   264
       Searing Ray       |       |       |    88 |    83 ||   171
       Dazzling Flash    |       |       |     3 |       ||     3
       Fulminant Prism   |       |       |       |     8 ||     8
Evoke: Wand              |       |     4 |    51 |    18 ||    73
  Use: Scroll            |       |     7 |     8 |     6 ||    21
       Potion            |       |     3 |    12 |     8 ||    23
 Stab: Sleeping          |    12 |    23 |    18 |    23 ||    76
       Distracted        |       |     1 |     1 |       ||     2
       Invisible         |       |       |     3 |     1 ||     4
       Confused          |       |       |       |     1 ||     1
  Eat: Chunk             |     9 |     9 |    22 |    20 ||    60
Armor: Skin              |     2 |    15 |    10 |    11 ||    38
Dodge: Dodged            |    23 |   116 |   213 |   189 ||   541

Table legend:
 A = Non-vault XP
 B = Vault XP
 C = Vault XP percentage of total XP
 D = Non-vault monster count
 E = Vault monster count
 F = Vault count percentage of total count
                 A         B        C        D         E       F
            +---------+---------+-------+---------+---------+-------
      Total |   20523 |    5271 |  20.4 |     294 |      47 |  13.8
            +---------+---------+-------+---------+---------+-------
        D:1 |      43 |       4 |   8.5 |      23 |       2 |   8.0
        D:2 |      34 |      72 |  67.9 |      13 |      13 |  50.0
        D:3 |     113 |       0 |   0.0 |      19 |       0 |   0.0
        D:4 |     470 |       0 |   0.0 |      25 |       0 |   0.0
        D:5 |     742 |     231 |  23.7 |      21 |       1 |   4.5
        D:6 |     993 |       0 |   0.0 |      25 |       0 |   0.0
        D:7 |    1163 |     381 |  24.7 |      20 |      10 |  33.3
        D:8 |    1590 |       0 |   0.0 |      40 |       0 |   0.0
        D:9 |    4489 |    2798 |  38.4 |      48 |      14 |  22.6
     Lair:1 |    3197 |    1311 |  29.1 |      18 |       2 |  10.0
     Lair:2 |    2518 |     320 |  11.3 |      15 |       4 |  21.1
     Lair:3 |    1966 |       0 |   0.0 |      12 |       0 |   0.0
     Lair:4 |    3205 |     154 |   4.6 |      15 |       1 |   6.2
            +---------+---------+-------+---------+---------+-------
